 Dungeon Crawl Stone Soup version 0.32-a0-868-g153ae1a8d6 (webtiles) character file.

Game seed: 8699387810207993902

38287 Xavori the Nimble (level 14, -5/113 HPs)
             Began as a Djinni Chaos Knight on Mar 28, 2024.
             Was a Plaything of Xom.
             Slain by a death yak (13 damage)
             ... on level 5 of the Lair of Beasts.
             The game lasted 00:28:20 (21386 turns).

Xavori the Nimble (Djinni Chaos Knight)            Turns: 21386, Time: 00:28:20

Health: -5/113     AC:  3    Str: 15    XL:     14   Next: 33%
Gold:   1062       EV: 17    Int: 21    God:    Xom [....*.] SH:  0 Dex: 17

rFire   + + +        L - +2 falchion (heavy)
rCold   x x .        (no shield)
rNeg    . . .        b - +2 leather armour
rPois   ∞            (helmet restricted)
rElec   .            k - scarf of the Pleiades {+Inv, Int+2 Dex+2 Slay+2}
rCorr   .            (no gloves)
SInv    .            (boots unavailable)
Will    ++...        i - amulet of regeneration
Stlth   +            v - ring "Qidon" {Fire Will+}
HPRegen 1.18/turn    n - +6 ring of intelligence
MPRegen 0.00/turn

%: infuse magic (-6 HP)
@: corroded, flying
A: sickness immunity, fire resistance 2, cold vulnerability 1, float, innate
caster, HP casting, extra vitality 1, claws 1, horns 1, iridescent scales 1,
clumsy 1, deformed body, robust 1, screaming 1, shaggy fur 1, strong 1, no
potion heal 1, MP-powered wands
a: Renounce Religion, Evoke Invisibility


You were on level 5 of the Lair of Beasts.
You worshipped Xom.
You were a beloved toy of Xom.
You visited 2 branches of the dungeon, and saw 15 of its levels.
You also visited: Sewer.

You collected 1062 gold pieces.

Inventory:

Hand Weapons
 a - a +1 scimitar of flaming
 L - a +2 heavy falchion (weapon)
Missiles
 f - 17 throwing nets (quivered)
Armour
 b - a +2 leather armour (worn)
 h - a +0 cloak
 k - the scarf of the Pleiades (worn) {+Inv, Int+2 Dex+2 Slay+2}
   (You acquired it on level 5 of the Dungeon)

   Int+2:     It affects your intelligence (+2).
   Dex+2:     It affects your dexterity (+2).
   Slay+2:    It affects your accuracy & damage with ranged weapons and melee
   (+2).
 o - a +0 helmet
 B - a +2 helmet
Jewellery
 g - a ring of positive energy
 i - an amulet of regeneration (around neck)
 n - a +6 ring of intelligence (right claw)
 v - the ring "Qidon" (left claw) {Fire Will+}
   (You found it on level 5 of the Dungeon)

   [ring of fire]

   Fire:      It enhances your fire magic.
   rF+:       It protects you from fire.
   rC-:       It makes you vulnerable to cold.
   Will+:     It increases your willpower.
 D - an amulet of reflection
 K - a ring of wizardry
Wands
 r - a wand of iceblast (20)
 x - a wand of paralysis (9)
 F - a wand of mindburst (12)
Scrolls
 c - a scroll of butterflies
 d - 3 scrolls of teleportation
 s - 2 scrolls of fog
 t - 2 scrolls of poison
 y - a scroll of summoning
 z - 4 scrolls of revelation
 A - a scroll of blinking
 G - a scroll of fear
 I - 2 scrolls of enchant armour
 N - a scroll of identify
Potions
 e - 5 potions of curing
 j - a potion of cancellation
 l - 4 potions of enlightenment
 m - a potion of brilliance
 p - 6 potions of heal wounds
 q - a potion of mutation
 w - a potion of lignification
 C - 2 potions of ambrosia
 E - a potion of might {unknown}
 H - 2 potions of resistance {unknown}
 J - 2 potions of haste {unknown}
 M - a potion of attraction {unknown}


   Skills:
 + Level 10.0 Fighting
 + Level 9.2 Long Blades
 + Level 9.6 Armour
 + Level 10.6 Dodging
 * Level 9.8 Spellcasting
 * Level 9.8 Conjurations
 * Level 9.8 Hexes
   Level 0.0 Charms
 * Level 9.8 Summonings
 * Level 9.8 Necromancy
 * Level 9.8 Translocations
   Level 0.0 Transmutations
 * Level 9.8 Fire Magic
 * Level 9.8 Ice Magic
 * Level 9.8 Air Magic
 * Level 9.8 Earth Magic
 * Level 9.8 Alchemy
 + Level 8.1 Evocations


You knew the following spells:

 Your Spells              Type           Power      Damage    Failure   Level
a - Kiss of Death         Conj/Necr      100%       2d13      1%          1
b - Call Imp              Summ           100%       N/A       1%          2
c - Hailstorm             Conj/Ice       51%        3d10      1%          3
d - Ignite Poison         Fire/Alch      67%        N/A       1%          4
e - Fireball              Conj/Fire      33%        3d14      3%          5
f - Silence               Hex/Air        25%        N/A       3%          5
Your spell library was empty.

Dungeon Overview and Level Annotations

Branches:
Dungeon (10/15)            Temple (0/1) D:5            Lair (5/5) D:10
 Shoals (0/4) Lair:2       Spider (0/4) Lair:3        Slime (0/5) Lair:4
  Sewer (visited)
    Orc: D:9-12

Altars:
Cheibriados
Dithmenos
Makhleb
Xom
Jiyva

Shops:
D:7 [   D:10 [

Annotations:
D:10 2 transporters, TheSexyCheese's ghost, journeyman OpAl
Lair:4 1 runed translucent door, Sugi's ghost, journeyman MiFi
Lair:5 Rupert


Innate Abilities, Weirdness & Mutations

You are immune to sickness and miasma.
You are immune to poison.
Your flesh is very heat resistant. (rF++)
You are vulnerable to cold. (rC-)
You float through the air rather than walking.
You learn spells naturally, not from books.
Your magical power is your life essence.
You have superior vitality. (+4 MHP)
You have sharp fingernails.
You have a pair of small horns on your head.
You are partially covered in iridescent scales. (AC +2)
You are clumsy. (Dex -2)
Armour fits poorly on your strangely shaped body.
You are robust. (+10% HP)
You occasionally shout uncontrollably at your foes.
You are covered in fur. (AC +1)
Your muscles are strong. (Str +4, Int/Dex -1)
Potions are less effective at restoring your health.
You expend health (3 HP) to strengthen your wands.


Message History

The acid corrodes you!
You are splashed with acid.
* * * LOW HITPOINT WARNING * * *
Your surroundings suddenly seem different. 3 yaks come into view.
The six-headed hydra roars!
The blink frog croaks.
The death yak bellows!
The yak bellows! x4; The bullfrog gives a loud, deep croak!
The death yak bellows! x2; The yak bellows! x2; You hear a loud, deep croak!
The yak closely misses you.
A cane toad comes into view.
The yak bellows! x2; You hear a croak.
The yak bellows!
You hear a croak.
Unknown command.
Unknown command.
Okay, then.
Blink to where?
Press: ? - help, Dir - move target
Okay, then.
As you read the scroll of fear, it crumbles to dust.
You assume a fearsome visage.
The cane toad looks frightened!
The six-headed hydra resists with almost no effort.
The blink frog looks frightened!
The bullfrog looks frightened!
The death yak resists with almost no effort.
The death yak looks frightened!
The death yak resists with almost no effort.
The yak looks frightened! x13
The yak bellows!
You hear a shout!
The blink frog blinks!
A skyshark comes into view.
The blink frog blinks!
Unknown command.
Unknown command.
The blink frog gives a loud, deep croak!
Xom smirks.
You feel aware of your surroundings.
You are now a beloved toy of Xom.
You hear a loud, deep croak!
The blink frog blinks!
The death yak attacks as it pursues you!
The death yak gores you!
You die...
Xom titters!

~.,,,####......YY.F.D##..F#
* ,, ~≈ ~~*
,..........§.#..##.. ,,,,
~~~ **~ ~.............§..,.
,,* ~ ~ **~
............#.... ,*,, , ~*
~~~.~.........###...,,*,,
~~* ~~..~....D...# ..,,,*,
,* ~~**~~~~Y.YY......# *** *
,, *,~~ ~.~.§......#####
**,*, ~~
*,~~~~~.Y..YY@.......,*,,,,*
,* ~~ ≈~~.YY..........,,
,,,* ~ *~~~~~~.~.........F..
,,,, * ~~~ ~~~
#YY.Y........... ,,,,,* ~
~~~*#≈Y.Y.Y........F,,, ,* ,
~~ ***##≈..........##.,*, ,,
($~~~~**~~~PY.......## ,*
*,,, (~~.~~*~~~~.F.......P**
, , * ~~.~~~ ~~ ~ ,,, , ,
,,, ,,


You could see 3 death yaks, a skyshark, a six-headed hydra, 12 yaks and 2 cane
toads.

Vanquished Creatures
  A boulder beetle (Lair:2)
  A hydra (Lair:4)
  Erica (Lair:2)
  3 two-headed ogres
  5 death yaks (Lair:3)
  Amaemon (Lair:2)
  3 skysharks
  A pharaoh ant (Lair:3)
  Pikel (D:9)
  2 elephants (D:10)
  A merfolk siren (Lair:2)
  7 black mambas
  An orange demon (Lair:2)
  10 cane toads
  5 rime drakes
  A kobold demonologist (D:9)
  3 komodo dragons
  A troll (D:10)
  2 polar bears
  A hornet (D:8)
  Prince Ribbit (Lair:2)
  14 blink frogs
  2 jumping spiders (Lair:3)
  2 shadows
  A wraith (D:10)
  21 yaks
  6 wyverns
  A basilisk (Lair:4)
  4 steam dragons
  5 vampire mosquitoes
  2 orc warriors (D:8)
  16 water moccasins
  2 ice beasts
  6 sky beasts
  6 black bears
  4 ogres
  15 wolves
  5 centaurs
  4 kobold brigands
  4 lemures (D:9)
  5 gnoll sergeants
  23 bullfrogs
  3 scorpions
  5 wights (D:8)
  6 killer bees (D:8)
  8 howler monkeys
  2 electric eels
  3 bombardier beetles (D:5)
  2 jellies
  9 hounds
  3 gnoll boudas
  An iguana (D:6)
  2 orc priests
  A sleepcap (D:7)
  14 orc wizards
  5 hell rats (Lair:4)
  Robin (D:4)
  42 gnolls
  9 adders
  A river rat (shapeshifter) (D:8)
  A white imp (D:8)
  10 dart slugs
  A ribbon worm (D:3)
  31 orcs
  18 ball pythons
  6 endoplasms
  11 giant cockroaches
  16 goblins
  7 hobgoblins
  9 jackals
  5 quokkas
  3 bats (D:1)
  11 frilled lizards
  8 kobolds
  An orc zombie (D:7)
  6 rats
461 creatures vanquished.

Vanquished Creatures (collateral kills)
  2 yaks (D:9)
  A scorpion (D:4)
  2 wights (D:8)
  A hound (D:4)
  A gnoll (D:4)
  An adder (D:3)
  A dart slug (Sewer)
  3 orcs
  An endoplasm (D:4)
  2 frilled lizards
  A kobold (D:8)
16 creatures vanquished.

Vanquished Creatures (others)
  A two-headed ogre (D:10)
  A kobold zombie (D:4)
2 creatures vanquished.

Grand Total: 479 creatures vanquished

Notes
Turn   | Place    | Note
-------+----------+-------------------------------------------
     0 | D:1      | Xavori the Djinni Chaos Knight began the quest for the Orb.
     0 | D:1      | Reached XP level 1. HP: 20/20 MP: 0/0
    39 | D:1      | Found a faded altar of an unknown god.
    93 | D:1      | Reached XP level 2. HP: 25/25 MP: 0/0
   222 | D:1      | Reached XP level 3. HP: 28/30 MP: 0/0
   222 | D:1      | Learned a level 1 spell: Kiss of Death
   272 | D:1      | Reached skill level 1 in Spellcasting
   272 | D:1      | Reached skill level 1 in Conjurations
   272 | D:1      | Reached skill level 1 in Hexes
   272 | D:1      | Reached skill level 1 in Summonings
   272 | D:1      | Reached skill level 1 in Necromancy
   272 | D:1      | Reached skill level 1 in Translocations
   272 | D:1      | Reached skill level 1 in Fire Magic
   272 | D:1      | Reached skill level 1 in Ice Magic
   272 | D:1      | Reached skill level 1 in Air Magic
   272 | D:1      | Reached skill level 1 in Earth Magic
   272 | D:1      | Reached skill level 1 in Alchemy
   316 | D:1      | XOM: smoke on damage
   419 | D:1      | Reached XP level 4. HP: 33/35 MP: 0/0
   436 | D:1      | XOM: silly message
   970 | D:1      | XOM: noise
  1294 | D:1      | XOM: give mutation
  1294 | D:1      | Gained mutation: You have hidden genetic defects. [Xom's
                  | mischief]
  1438 | D:1      | XOM: divination: detect items
  1665 | D:1      | XOM: god gift: club {god gift}
  2052 | D:1      | XOM: give mutations
  2052 | D:1      | Gained mutation: Your muscles are strong. (Str +4, Int/Dex
                  | -1) [Xom's grace]
  2052 | D:1      | Gained mutation: You have a somewhat thin skeletal
                  | structure. (Dex +2, Stealth+) [Xom's grace]
  2104 | D:1      | XOM: god gift: 3 silver javelins
  2160 | D:1      | XOM is BORED!
  2399 | D:1      | XOM: give mutations
  2399 | D:1      | Gained mutation: Potions are less effective at restoring
                  | your health. [Xom's mischief]
  2399 | D:1      | Gained mutation: You are covered in fur. (AC +1) [Xom's
                  | mischief]
  2705 | D:1      | XOM: scenery: summon butterflies
  3746 | D:1      | XOM: silly message
  4104 | D:1      | XOM: god gift: scroll labelled ACSURE SEVOETE {god gift}
  6107 | D:1      | XOM is BORED!
  6107 | D:1      | XOM: noise
  6403 | D:1      | XOM: cloud trail
  6446 | D:1      | XOM is BORED!
  6944 | D:1      | XOM: divination: detect creatures
  6949 | D:1      | XOM: summons 4 hostile shadow creatures
  7286 | D:1      | XOM: noise
  7676 | D:1      | XOM: give mutations
  7676 | D:1      | Gained mutation: You are clumsy. (Dex -2) [Xom's mischief]
  7676 | D:1      | Gained mutation: Your muscles are very strong. (Str +8,
                  | Int/Dex -2) [Xom's mischief]
  7676 | D:1      | Gained mutation: Armour fits poorly on your strangely
                  | shaped body. [Xom's mischief]
  7795 | D:1      | XOM: draining
  8205 | D:1      | XOM: torment (16/30 hp)
  8370 | D:1      | XOM: stat loss: -1 Dex (12/13)
  8733 | D:1      | XOM: noise
  9221 | D:1      | XOM: divination: magic mapping
  9283 | D:1      | XOM: noise
  9593 | D:1      | XOM: give mutations
  9593 | D:1      | Gained mutation: You are robust. (+10% HP) [Xom's grace]
  9593 | D:1      | Gained mutation: Your movements are slightly less
                  | encumbered by armour. (ER -2) [Xom's grace]
  9593 | D:1      | Gained mutation: You expend health (3 HP) to strengthen
                  | your wands. [Xom's grace]
  9593 | D:1      | Gained mutation: You have sharp fingernails. [Xom's grace]
  9665 | D:2      | Lost mutation: Your muscles are very strong. (Str +8,
                  | Int/Dex -2) [hidden defects]
  9866 | D:2      | Gained mutation: You occasionally shout uncontrollably at
                  | your foes. [hidden defects]
  9866 | D:2      | Lost mutation: You have hidden genetic defects. [hidden
                  | defects expressed]
 10286 | D:2      | XOM: scenery: create altars
 10348 | D:3      | XOM: summons friendly shadow imp
 10352 | D:3      | XOM: blink monster(s)
 10364 | D:3      | Reached XP level 5. HP: 44/44 MP: 0/0
 10364 | D:3      | Learned a level 2 spell: Call Imp
 10383 | D:3      | XOM: snakes to sticks
 10606 | D:3      | XOM: god gift: 44 gold pieces
 10913 | D:4      | XOM: silly message
 10990 | D:4      | XOM: 4-stop teleportation journey
 10995 | D:4      | XOM: silly message
 10999 | D:4      | XOM: divination: detect items
 11001 | D:4      | XOM: summons friendly quasit
 11015 | D:4      | XOM: cast spell 'Cause Fear'
 11017 | D:4      | XOM: divination: magic mapping
 11024 | D:4      | Reached XP level 6. HP: 26/51 MP: 0/0
 11140 | D:4      | Noticed Robin
 11176 | D:4      | XOM: enchant monster (bad)
 11188 | D:4      | Killed Robin
 11471 | D:4      | XOM: summons friendly shadow imp
 11474 | D:4      | Reached XP level 7. HP: 54/57 MP: 0/0
 11474 | D:4      | Learned a level 3 spell: Hailstorm
 11535 | D:4      | XOM: noise
 11626 | D:5      | Entered Level 5 of the Dungeon
 11775 | D:5      | Identified the ring "Qidon" {Fire Will+}
 11851 | D:5      | Found a staircase to the Ecumenical Temple.
 11858 | D:5      | Reached XP level 8. HP: 59/63 MP: 0/0
 11979 | D:5      | Found a glowing drain.
 11986 | Sewer    | Entered a sewer
 12235 | D:5      | XOM: summons 5 hostile demons
 12294 | D:5      | Found a shadowy altar of Dithmenos.
 12461 | D:5      | XOM: divination: detect items
 12468 | D:5      | Reached skill level 5 in Fighting
 12471 | D:5      | Reached skill level 5 in Dodging
 12479 | D:5      | Reached XP level 9. HP: 71/71 MP: 0/0
 12479 | D:5      | Learned a level 4 spell: Ignite Poison
 12653 | D:5      | XOM: smoke on damage
 12792 | D:5      | Identified a scroll of acquirement
 12792 | D:5      | Acquired the scarf of the Pleiades {+Inv, Int+2 Dex+2
                  | Slay+2}
 12842 | D:6      | XOM: potion effect (attraction)
 12894 | D:6      | Reached skill level 5 in Spellcasting
 12894 | D:6      | Reached skill level 5 in Conjurations
 12894 | D:6      | Reached skill level 5 in Hexes
 12894 | D:6      | Reached skill level 5 in Summonings
 12894 | D:6      | Reached skill level 5 in Necromancy
 12894 | D:6      | Reached skill level 5 in Translocations
 12894 | D:6      | Reached skill level 5 in Fire Magic
 12894 | D:6      | Reached skill level 5 in Ice Magic
 12894 | D:6      | Reached skill level 5 in Air Magic
 12894 | D:6      | Reached skill level 5 in Earth Magic
 12894 | D:6      | Reached skill level 5 in Alchemy
 13084 | D:6      | XOM: potion effect (brilliance)
 13087 | D:6      | Reached skill level 5 in Long Blades
 13351 | D:6      | XOM: divination: magic mapping
 13534 | D:7      | Found Doagamm's Antique Armour Boutique.
 13675 | D:7      | Reached skill level 5 in Armour
 13794 | D:7      | XOM: enchant monster (good)
 13803 | D:7      | XOM: smoke on damage
 13807 | D:7      | Reached skill level 1 in Evocations
 13894 | D:7      | Reached XP level 10. HP: 79/79 MP: 0/0
 13927 | D:7      | Found a snail-covered altar of Cheibriados.
 14399 | D:8      | XOM: 4-stop teleportation journey
 14430 | D:8      | XOM: give mutations
 14430 | D:8      | Gained mutation: You are partially covered in iridescent
                  | scales. (AC +2) [Xom's grace]
 14430 | D:8      | Gained mutation: You have a pair of small horns on your
                  | head. [Xom's grace]
 14430 | D:8      | Gained mutation: You are partially covered in large bone
                  | plates. (SH +4) [Xom's grace]
 14507 | D:8      | XOM: confuse monster(s)
 14694 | D:8      | XOM: cloud trail
 14793 | D:8      | XOM: polymorph bullfrog -> shapeshifter
 15099 | D:9      | XOM: enchant monster (good)
 15107 | D:9      | Reached XP level 11. HP: 56/85 MP: 0/0
 15107 | D:9      | Learned a level 5 spell: Fireball
 15441 | D:9      | XOM: potion effect (might)
 15441 | D:9      | Noticed Pikel
 15444 | D:9      | Killed Pikel
 15521 | D:9      | Noticed a two-headed ogre
 15528 | D:9      | Killed a two-headed ogre
 15693 | D:9      | XOM: noise
 15819 | D:10     | Entered Level 10 of the Dungeon
 15826 | D:10     | Noticed a two-headed ogre
 15830 | D:10     | Killed a two-headed ogre
 15967 | D:10     | Noticed a two-headed ogre
 15971 | D:10     | Killed a two-headed ogre
 16051 | D:10     | Reached skill level 5 in Evocations
 16094 | D:10     | XOM: 2-stop teleportation journey
 16110 | D:10     | Reached XP level 12. HP: 66/94 MP: 0/0
 16405 | D:10     | Found Daatadgh's Armour Emporium.
 16424 | D:10     | Found a staircase to the Lair.
 16624 | D:10     | Found a burning altar of Makhleb.
 16624 | D:10     | Noticed a cacodemon
 16653 | D:10     | Noticed TheSexyCheese's ghost (journeyman OpAl)
 16653 | D:10     | XOM: summons 2 hostile shadow creatures
 16666 | D:10     | XOM: give mutation
 16666 | D:10     | Lost mutation: You have a somewhat thin skeletal structure.
                  | (Dex +2, Stealth+) [Xom's mischief]
 16853 | D:10     | Noticed a two-headed ogre
 16854 | D:10     | XOM: chaos cloud
 16861 | D:10     | Killed a two-headed ogre
 16894 | D:10     | Found a transporter.
 16898 | D:10     | Found a transporter.
 16955 | Lair:1   | Entered Level 1 of the Lair of Beasts
 17101 | Lair:1   | XOM: enchant monster (good)
 17203 | Lair:1   | XOM: summons 4 hostile shadow creatures
 17570 | Lair:1   | Identified the +0 chain mail of Heresy {rElec Dex+4}
 17871 | Lair:1   | XOM: cloud trail
 17895 | Lair:2   | Noticed a skyshark
 17896 | Lair:2   | Noticed Prince Ribbit
 17904 | Lair:1   | Killed a skyshark
 17905 | Lair:1   | Reached XP level 13. HP: 54/103 MP: 0/0
 17905 | Lair:1   | Learned a level 5 spell: Silence
 18008 | Lair:2   | Noticed Erica
 18011 | Lair:2   | XOM: potion effect (haste)
 18015 | Lair:2   | Killed Erica
 18094 | Lair:2   | Noticed Amaemon
 18107 | Lair:2   | Killed Amaemon
 18136 | Lair:2   | XOM: 2-stop teleportation journey
 18187 | Lair:2   | XOM: divination: detect items
 18191 | Lair:2   | XOM: butterfly on damage
 18200 | Lair:2   | XOM: cast spell 'Olgreb's Toxic Radiance'
 18201 | Lair:2   | HP: 3/103 [boulder beetle (14)]
 18333 | Lair:2   | XOM: scenery: create altars
 18774 | Lair:2   | Killed Prince Ribbit
 18944 | Lair:2   | Found a staircase to the Shoals.
 18997 | Lair:2   | XOM: give mutation
 18997 | Lair:2   | Lost mutation: You are partially covered in large bone
                  | plates. (SH +4) [Xom's mischief]
 19194 | Lair:3   | XOM: chaos cloud
 19247 | Lair:3   | XOM: enchant monster (good)
 19263 | Lair:3   | XOM: chaos cloud
 19265 | Lair:3   | XOM: cast spell 'Animate Armour'
 19279 | Lair:3   | Reached skill level 10 in Dodging
 19376 | Lair:3   | XOM: enchant monster (bad)
 19439 | Lair:3   | Found a hole to the Spider Nest.
 19447 | Lair:3   | XOM: blink monster(s)
 19447 | Lair:3   | XOM: butterfly on damage
 19449 | Lair:3   | HP: 4/103 [shot self (1)]
 20054 | Lair:3   | XOM: silly message
 20205 | Lair:4   | Noticed an eight-headed hydra
 20293 | Lair:4   | Reached XP level 14. HP: 95/112 MP: 0/0
 20297 | Lair:4   | XOM: silly message
 20310 | Lair:4   | XOM: cleaving
 20335 | Lair:4   | XOM: god gift: atropa-tipped dart
 20340 | Lair:3   | XOM: torment (35/112 hp)
 20410 | Lair:4   | XOM: silly message
 20664 | Lair:4   | XOM: smoke on damage
 20678 | Lair:4   | XOM: polymorph eight-headed hydra -> eight-headed hydra
 20800 | Lair:4   | Found a viscous altar of Jiyva.
 20803 | Lair:4   | Found a staircase to the Slime Pits.
 20862 | Lair:4   | XOM: give mutation
 20862 | Lair:4   | Lost mutation: Your movements are slightly less encumbered
                  | by armour. (ER -2) [Xom's mischief]
 20950 | Lair:4   | XOM: draining
 20973 | Lair:4   | Found a runed translucent door.
 20974 | Lair:4   | Noticed Sugi's ghost (journeyman MiFi)
 21139 | Lair:5   | Entered Level 5 of the Lair of Beasts
 21266 | Lair:5   | Reached skill level 10 in Fighting
 21329 | Lair:5   | Noticed Rupert
 21329 | Lair:5   | XOM: 2-stop teleportation journey
 21364 | Lair:5   | XOM: noise
 21373 | Lair:5   | XOM: enchant monster (good)
 21382 | Lair:5   | HP: 3/113 [acid (6)]
 21386 | Lair:5   | XOM: divination: magic mapping
 21386 | Lair:5   | Slain by a death yak

Illustrated notes

Levels and vault maps discovered:
D:1:      scummos_arrival_checkerplants, layout_loops_cross,
          ebering_ecumenical_altar_mist, nicolae_grassy_gnolls
D:2:      layout_loops_ring, nrook_campfire
D:3:      layout_rooms
D:4:      layout_cave_pods, uniq_robin
D:5:      layout_loops_ring, mainiacjoe_overflow_paths, temple_statues,
          mainiacjoe_sewer_entry_somewhere_in_here_2, eino_tiny_chamber
D:6:      nicolae_cairo_tiling_very_big, layout_basic
D:7:      layout_gridville, kennysheep_slug_shrine, serial_shops,
          nicolae_shop_temple_entry_statues_fountains
D:8:      minmay_s_stair_smasher, layout_basic
D:9:      layout_roguey, uniq_pikel
D:10:     layout_cave_pools, makhleb_altar_promises_db,
          grunt_lair_entry_orc_guard_hut, serial_gnoll_camp,
          gnoll_camp_huts_moat, gnoll_camp_mini_hut, gnoll_camp_mini_shop,
          gnoll_camp_mini_hut, gammafunk_ghost_hive, serial_bayou_pond_b,
          hangedman_misty_isle
Lair:1:   layout_misc_corridors, grunt_megastairs_2
Lair:2:   layout_loops_ring, minmay_shoals_entry_lonely_mermaid,
          lemuel_fruit_tree, uniq_erica, uniq_amaemon, uniq_prince_ribbit2
Lair:3:   layout_regular_city, nicolae_spider_entry_lesser_pyramids,
          lemuel_fruit_fields, infiniplex_staircase_pool, grunt_megastairs_5,
          serial_bayou_shore_a
Lair:4:   layout_gridlike, dpeg_slime_entry_corner,
          ebering_ghost_reflecting_pool, cheibrodos_lair_reptile_den,
          infiniplex_staircase_pool_2
Lair:5:   minmay_lair_end_frog_pond, layout_regular_city, dreamdust_wasp_nest,
          uniq_rupert

Skill      XL: |  1  2  3  4  5  6  7  8  9 10 11 12 13 14 |
---------------+-------------------------------------------+-----
Spellcasting   | 1 2 3 4 5 6 7 8 9 |  9.8
Conjurations   | 1 2 3 4 5 6 7 8 9 |  9.8
Hexes          | 1 2 3 4 5 6 7 8 9 |  9.8
Summonings     | 1 2 3 4 5 6 7 8 9 |  9.8
Necromancy     | 1 2 3 4 5 6 7 8 9 |  9.8
Translocations | 1 2 3 4 5 6 7 8 9 |  9.8
Fire Magic     | 1 2 3 4 5 6 7 8 9 |  9.8
Ice Magic      | 1 2 3 4 5 6 7 8 9 |  9.8
Air Magic      | 1 2 3 4 5 6 7 8 9 |  9.8
Earth Magic    | 1 2 3 4 5 6 7 8 9 |  9.8
Alchemy        | 1 2 3 4 5 6 7 8 9 |  9.8
Long Blades    | 3 4 5 6 7 8 9 |  9.2
Armour         | 2 3 4 5 6 7 8 9 |  9.6
Dodging        | 3 4 5 6 7 8 9 10 | 10.6
Fighting       | 4 5 6 7 8 9 10 | 10.0
Evocations     | 1 3 5 6 7 8 |  8.1

Action                     |  1- 3 |  4- 6 |  7- 9 | 10-12 | 13-15 || total
---------------------------+-------+-------+-------+-------+-------++-------
  Melee: Falchion          |    91 |   196 |   413 |   275 |   152 ||  1127
         Headbutt          |       |       |       |    56 |    43 ||    99
   Cast: Call Imp          |       |     3 |    10 |     8 |     5 ||    26
         Hailstorm         |       |       |    25 |    26 |       ||    51
         Fireball          |       |       |       |   121 |   124 ||   245
  Evoke: Wand              |       |       |       |       |     5 ||     5
    Use: Scroll            |       |     1 |     6 |    11 |     4 ||    22
         Potion            |       |     1 |       |       |       ||     1
   Stab: Paralysed         |     1 |       |     2 |     1 |     8 ||    12
         Confused          |     1 |     1 |     2 |     1 |       ||     5
         Sleeping          |       |     5 |     7 |     2 |       ||    14
         Petrified         |       |       |     9 |       |       ||     9
         Petrifying        |       |       |     2 |       |       ||     2
         Distracted        |       |       |     1 |     2 |     1 ||     4
 Armour: Leather armour    |    81 |   198 |   316 |   252 |   148 ||   995
  Dodge: Dodged            |    68 |   164 |   317 |   314 |   194 ||  1057
  Block: Other             |       |       |       |    54 |    15 ||    69

Table legend: (Time is in decaauts)
 A = Elapsed time spent in this place.
 B = Non-inter-level travel time spent in this place.
 C = Inter-level travel time spent in this place.
 D = Time resting spent in this place.
 E = Time spent auto-exploring this place.
 F = Levels seen in this place.
 G = Mean time per level.
                   A        B        C        D        E       F      G
               +--------+--------+--------+--------+--------+-----+--------+
         Total |  21502 |  21162 |    340 |   9890 |   7903 |  16 | 1343.9 |
       Dungeon |  17184 |  16949 |    235 |   9431 |   5193 |  10 | 1718.4 |
          Lair |   4072 |   3968 |    104 |    459 |   2620 |   5 |  814.4 |
         Sewer |    246 |    246 |      0 |      0 |     89 |   1 |  246.0 |
               +--------+--------+--------+--------+--------+-----+--------+

Top non-repeatable levels by time:
     D:1: 9609 daAuts
    D:10: 1491 daAuts
  Lair:2: 1121 daAuts
  Lair:3: 1052 daAuts
     D:5: 991 daAuts
  Lair:4: 897 daAuts
     D:7: 843 daAuts
     D:4: 826 daAuts
  Lair:1: 795 daAuts
     D:9: 791 daAuts
     D:8: 789 daAuts
     D:2: 735 daAuts
     D:6: 608 daAuts
     D:3: 496 daAuts
   Sewer: 246 daAuts
